 Dungeon Crawl Stone Soup version 0.20.0 (webtiles) character file.

233 FakerFangirl the Cudgeler (level 5, -5/45 HPs)
             Began as a Draconian Fighter on May 26, 2017.
             Killed by divine providence
             ... invoked by an orc priest
              (11 damage)
             ... on level 3 of the Dungeon.
             The game lasted 00:02:39 (2222 turns).

FakerFangirl the Cudgeler (Draconian Fighter)       Turns: 2222, Time: 00:02:39

Health: -5/45      AC:  5    Str: 18    XL:     5   Next: 75%
Magic:  5/5        EV: 10    Int:  9    God:
Gold:   162        SH:  9    Dex: 11    Spells: 4/4 levels left

rFire    . . .     SeeInvis .   Y - +3 flail
rCold    . . .     Gourm    .   b - +0 shield
rNeg     . . .     Faith    .   (armour unavailable)
rPois    .         Spirit   .   (helmet restricted)
rElec    .         Reflect  .   (no cloak)
rCorr    .         Harm     .   (no gloves)
MR       .....                  (no boots)
Stlth    +.........             (no amulet)
Regen    0.2/turn               (no ring)
MPRegen  0.1/turn               (no ring)

@: no status effects
A: unfitting armour, cold-blooded, AC +5
a: no special abilities


You were on level 3 of the Dungeon.
You were not hungry.

You visited 1 branch of the dungeon, and saw 3 of its levels.

You collected 162 gold pieces.


Innate Abilities, Weirdness & Mutations

Your plain brown scales are hard. (AC +5)
You cannot fit into any form of body armour.
You are cold-blooded and may be slowed by cold attacks.


   Skills:
 + Level 3.5 Fighting
 - Level 6.0 Maces & Flails
 - Level 2.6 Dodging
 - Level 3.0 Shields


You had 4 spell levels left.
You didn't know any spells.

Inventory:

Hand Weapons
 Y - a +3 flail (weapon)
Missiles
 e - 2 tomahawks of returning (quivered)
 j - 4 tomahawks
Armour
 b - a +0 shield (worn)
Jewellery
 p - an uncursed ring of protection from fire {unknown}
Scrolls
 a - a scroll of identify
 h - 2 scrolls of remove curse
 o - a scroll of blinking {unknown}
 q - a scroll of fear {unknown}
Potions
 c - a potion of might
 l - a potion of magic {unknown}
 m - a potion of flight {unknown}
 n - a potion of haste {unknown}
Comestibles
 d - 2 bread rations
 f - a royal jelly
 g - 24 chunks of flesh
 k - 7 fruits

Dungeon Overview and Level Annotations

Branches:
Dungeon (3/15)

Altars:


Message History

2211 ||| READING scroll of teleportation.
As you read the scroll of teleportation, it crumbles to dust.
You feel strangely unstable. You block the orc's attack.
The orc priest hits you but does no damage.
You closely miss the orc priest.
Your tail-slap misses the orc priest.
The orc priest is almost dead.
The orc hits you. The orc priest closely misses you.
You hit the orc priest.
The orc priest is almost dead.
Your surroundings suddenly seem different.
Items here: ))) [ a club; a whip; a flail; a runed leather armour You closely miss the orc.
The orc completely misses you.
You sock the orc!
You kill the orc!
The orc priest mumbles some strange prayers to Beogh against you.
Beogh smites you!
You die...

#####...............#
#........)..........#####
>#
####.....(...)..........#
. ##.................###
##. #...............###
#.. ##.............## #.#
##.....#...o)(# #.#
########...#(# ###.##
#######@#.#########...#.
#.....).................
#.#####....########..###
###....#####..### ....#
###...........## ...
#..##.....#... ...
###.##....####. ...
........###.... #.#
###.....#...###


You could see an orc priest.

Vanquished Creatures
  2 orc priests (D:3)
  An orc wizard (D:3)
  Terence (D:2)
  4 adders
  An ooze (D:1)
  A worm (D:2)
  2 dart slugs (D:3)
  3 leopard geckos
  15 orcs (D:3)
  5 giant cockroaches
  5 goblins
  2 hobgoblins
  2 jackals (D:2)
  4 bats
  5 frilled lizards
  4 kobolds
  7 rats
64 creatures vanquished.

Notes
Turn   | Place    | Note
-------+----------+-------------------------------------------
     0 | D:1      | FakerFangirl the Draconian Fighter began the quest for the Orb.
     0 | D:1      | Reached XP level 1. HP: 19/19 MP: 1/1
     0 | D:1      | 0 ||| counter = 51
   358 | D:1      | Reached XP level 2. HP: 21/26 MP: 2/2
   555 | D:1      | Reached skill level 3 in Maces & Flails
   792 | D:1      | 792 ||| READING 2 scrolls labeled NEBOF BICLUUWN.
   793 | D:1      | 793 ||| READING 3 scrolls labeled WIMNABRIMAY.
   794 | D:1      | 794 ||| READING 2 scrolls of enchant weapon.
   794 | D:1      | 794 ||| ENCHANTING +1 flail.
   795 | D:1      | 795 ||| READING scroll of enchant weapon.
   795 | D:1      | 795 ||| ENCHANTING +2 flail.
   796 | D:1      | 796 ||| READING 3 scrolls labeled SINODO TIPHO.
   797 | D:1      | 797 ||| READING scroll labeled BAF BAALA QEER.
   798 | D:1      | 798 ||| READING scroll labeled GOWKYSTRATIV.
   839 | D:2      | Noticed Terence
   857 | D:2      | Killed Terence
   857 | D:2      | Reached XP level 3. HP: 15/31 MP: 3/3
  1004 | D:2      | Reached skill level 4 in Maces & Flails
  1216 | D:2      | Reached XP level 4. HP: 38/38 MP: 4/4
  1603 | D:2      | 1603 ||| READING scroll labeled ASORPHU UDDENISH.
  1604 | D:2      | 1604 ||| READING 2 scrolls labeled DOEGUOR UCWUEME.
  1609 | D:2      | 1609 ||| READING 2 scrolls of identify.
  1609 | D:2      | 1609 ||| IDENTIFYING fuming amethyst potion
  1610 | D:2      | 1610 ||| DROPPING potion of lignification.
  1796 | D:3      | Reached skill level 5 in Maces & Flails
  1861 | D:3      | Reached XP level 5. HP: 28/45 MP: 5/5
  2091 | D:3      | 2091 ||| Stepping ~*~*~tactically~*~*~ (outnumbered).
  2095 | D:3      | 2095 ||| Stepping ~*~*~tactically~*~*~ (outnumbered).
  2097 | D:3      | Reached skill level 6 in Maces & Flails
  2210 | D:3      | HP: 5/45 [orc priest/nerve-wracking pain (10)]
  2211 | D:3      | 2211 ||| READING scroll of teleportation.
  2222 | D:3      | Killed from afar by an orc priest

Vault maps used:
D:1:      sevenhm_arrival_forest_fort_large_4
D:2:      uniq_terence

Skill      XL: |  1  2  3  4  5 |
---------------+----------------+-----
Maces & Flails | 3 4 5 6 |  6.0
Fighting       | |  3.5
Dodging        | |  2.6
Shields        | |  3.0

Action                   |  1- 3 |  4- 6 || total
-------------------------+-------+-------++-------
Melee: Flail             |    82 |    89 ||   171
       Tailslap          |     9 |     6 ||    15
Throw: Tomahawk          |       |    14 ||    14
  Use: Scroll            |     7 |     4 ||    11
 Stab: Sleeping          |       |     1 ||     1
  Eat: Chunk             |     1 |     3 ||     4
Armor: Skin              |    11 |    18 ||    29
Dodge: Dodged            |    23 |    35 ||    58
Block: Shield            |    19 |    31 ||    50
